 Dungeon Crawl Stone Soup version 0.30-a0-390-g80c34de65d (webtiles) character file.

Game seed: 4165202497520348622

125 bande the Covered (level 5, -2/33 HPs)
             Began as a Gargoyle Fighter on Dec 5, 2022.
             Killed by divine providence
             ... invoked by an orc priest
              (8 damage)
             ... on level 3 of the Dungeon.
             The game lasted 00:03:15 (2324 turns).

bande the Covered (Gargoyle Fighter)                Turns: 2324, Time: 00:03:16

Health: -2/33      AC: 18    Str: 20    XL:     5   Next: 9%
Magic:  5/5        EV:  7    Int:  8    God:
Gold:   107        SH:  4    Dex: 11    Spells: 4/4 levels left

rFire   . . .      SeeInvis .    a - +0 war axe
rCold   . . .      Faith    .    c - +0 buckler
rNeg    + . .      Spirit   .    f - +4 chain mail
rPois   ∞          Reflect  .    h - +0 helmet
rElec   +          Harm     .    (no cloak)
rCorr   .          Rampage  .    (no gloves)
Will    .....                    (no boots)
Stlth   ..........               (no amulet)
HPRegen 0.25/turn                (no ring)
MPRegen 0.09/turn                (no ring)

@: no status effects
A: sickness immunity, AC +4, negative energy resistance 1, electricity
resistance, torment resistance 1, petrification resistance
a: no special abilities


You were on level 3 of the Dungeon.
You visited 1 branch of the dungeon, and saw 3 of its levels.

You collected 107 gold pieces.

Inventory:

Hand Weapons
 a - a +0 war axe (weapon)
Armour
 c - a +0 buckler (worn)
 f - a +4 chain mail (worn)
 h - a +0 helmet (worn)
Scrolls
 b - a scroll of fog
 e - 2 scrolls of teleportation
 i - a scroll of torment {unknown}
Potions
 d - 2 potions of might
 g - a potion of resistance
 k - a potion of mutation {unknown}


   Skills:
 + Level 3.9 Fighting
 + Level 3.3 Axes
 + Level 4.1 Armour
 - Level 0.3 Stealth
 + Level 3.7 Shields


You had 4 spell levels left.
You didn't know any spells.
Your spell library contained the following spells:

 Spells                   Type           Power      Damage    Failure   Level
 Ignite Poison            Fire/Tmut/Pois 0%         N/A       100%        3
 Sticky Flame             Conj/Fire      0%         2d3       100%        4
 Ignition                 Fire           0%         3d3       100%        8


Dungeon Overview and Level Annotations

Branches:
Dungeon (3/15)

Altars:


Innate Abilities, Weirdness & Mutations

You are immune to sickness and miasma.
Your stone body is resilient. (AC +4)
You are immune to poison.
You resist negative energy. (rN+)
You are resistant to electric shocks. (rElec)
You are resistant to unholy torment.
You are immune to petrification.


Message History

Unknown command.
You hit the orc but do no damage.
The orc is lightly wounded.
You closely miss the gnoll. The orc barely misses you.
The gnoll hits you but does no damage.
The orc wizard mumbles some strange words.
The orc wizard flickers and vanishes!
Deactivating autopickup; reactivate with Ctrl-A.
You slash the orc!
You kill the orc!
You closely miss the gnoll. The gnoll hits you but does no damage.
The jackal bites you but does no damage.
The gnoll hits you but does no damage.
The orc priest invokes the aid of Beogh against you.
Beogh smites you!
You closely miss the jackal. You barely miss the gnoll.
The jackal closely misses you. The jackal barely misses you.
The gnoll hits you but does no damage.
Unknown command.
You closely miss the jackal. You hit the gnoll. The jackal barely misses you.
The gnoll hits you with a +0 club!
* * * LOW HITPOINT WARNING * * *
The jackal bites you but does no damage.
Unknown command.
You slash the jackal!
You kill the jackal!
You barely miss the gnoll. The gnoll hits you but does no damage.
The frilled lizard unfolds its giant frill.
The orc closely misses you. The gnoll closely misses you.
You slash the orc!
You kill the orc!
You hit the gnoll.
You kill the gnoll!
The jackal barely misses you.
You have reached level 5!
You closely miss the jackal. You miss the frilled lizard. The jackal bites you.
* * * LOW HITPOINT WARNING * * *
The orc priest invokes the aid of Beogh against you.
Beogh smites you!
You die...

#.# #.# #.# .#
#.# ... #.# #..
#.# .. #.#
..#.#.#######.#
#....{h@......#
...#.ol########
#.....o ..#.#.o
... ... .# ..#.
.#... #...#.


You could see an orc priest, 2 orcs, a jackal and a frilled lizard.

Vanquished Creatures
  3 gnolls (D:3)
  2 adders (D:2)
  2 worms (D:2)
  3 dart slugs
  3 orcs (D:3)
  7 ball pythons
  5 endoplasms
  2 giant cockroaches (D:2)
  3 goblins
  5 hobgoblins
  6 jackals
  2 quokkas (D:1)
  3 bats (D:2)
  3 frilled lizards
  7 kobolds
  6 rats
62 creatures vanquished.

Notes
Turn   | Place    | Note
-------+----------+-------------------------------------------
     0 | D:1      | bande the Gargoyle Fighter began the quest for the Orb.
     0 | D:1      | Reached XP level 1. HP: 14/14 MP: 1/1
   284 | D:1      | Reached XP level 2. HP: 19/19 MP: 2/2
   521 | D:1      | Reached XP level 3. HP: 23/23 MP: 3/3
  1461 | D:2      | Reached XP level 4. HP: 29/29 MP: 4/4
  1798 | D:2      | Reached skill level 4 in Armour
  2158 | D:3      | Found a faded altar of an unknown god.
  2324 | D:3      | Reached XP level 5. HP: 8/33 MP: 5/5
  2324 | D:3      | Killed from afar by an orc priest

Illustrated notes

Levels and vault maps discovered:
D:1:      dpeg_arrival_circle_labyrinth_c, layout_loops_ring, chequers_avenue
D:2:      layout_loops_cross
D:3:      layout_basic, ebering_ecumenical_altar_box,
          nicolae_kite_square_tiling_tiny

Skill      XL: |  1  2  3  4 |
---------------+-------------+-----
Axes           | 2 3 |  3.3
Armour         | 4 |  4.1
Fighting       | |  3.9
Stealth        | |  0.3
Shields        | |  3.7

Action                   |  1- 3 |  4- 6 || total
-------------------------+-------+-------++-------
Melee: War axe           |    99 |    73 ||   172
  Use: Scroll            |     5 |     1 ||     6
Armor: Scale mail        |    40 |       ||    40
       Chain mail        |    45 |    61 ||   106
Dodge: Dodged            |    41 |    27 ||    68
Block: Buckler           |    24 |    10 ||    34

Table legend: (Time is in decaauts)
 A = Elapsed time spent in this place.
 B = Non-inter-level travel time spent in this place.
 C = Inter-level travel time spent in this place.
 D = Time resting spent in this place.
 E = Time spent auto-exploring this place.
 F = Levels seen in this place.
 G = Mean time per level.
                   A        B        C        D        E       F      G
               +--------+--------+--------+--------+--------+-----+--------+
         Total |   2395 |   2225 |    170 |      0 |   1728 |   3 |  798.3 |
       Dungeon |   2395 |   2225 |    170 |      0 |   1728 |   3 |  798.3 |
               +--------+--------+--------+--------+--------+-----+--------+

Top non-repeatable levels by time:
     D:1: 1403 daAuts
     D:2: 714 daAuts
     D:3: 277 daAuts
